 Dungeon Crawl Stone Soup version 0.32-a0-779-g362cfcae2a (webtiles) character file.

Game seed: 3018930931300204785

10351 kae the Carver (level 11, -2/72 HPs)
             Began as a Coglin Gladiator on Mar 19, 2024.
             Was a Priest of Nemelex Xobeh.
             Killed from afar by a shock serpent (4 damage)
             ... with an electric aura
             ... summoned by the player character
             ... on level 10 of the Dungeon.
             The game lasted 00:10:40 (10233 turns).

kae the Carver (Coglin Gladiator)                  Turns: 10233, Time: 00:10:40

Health: -2/72      AC:  6    Str: 15    XL:     11   Next: 60%
Magic:  17/17      EV: 11    Int:  8    God:    Nemelex Xobeh [***...]
Gold:   289        SH:  0    Dex: 19    Spells: 10/10 levels left

rFire   . . .        L - +3 falchion (freeze) {Caihong}
rCold   . . .        G - +3 long sword {Matia}
rNeg    . . .        b - +0 leather armour
rPois   .            c - +0 helmet
rElec   .            v - +0 cloak
rCorr   .            (no gloves)
SInv    .            p - +0 pair of boots
Will    .....        (amulet unavailable)
Stlth   +            (ring unavailable)
HPRegen 0.32/turn    (ring unavailable)
MPRegen 0.15/turn    (no gizmo)

%: no passive effects
@: lethally poisoned (-2 -> -6), revving
A: off-hand wielding, slow wielding, warmup strikes, no jewellery
a: Invent Gizmo, Renounce Religion, Draw Escape, Draw Destruction, Draw
Summoning, Triple Draw


You were on level 10 of the Dungeon.
You worshipped Nemelex Xobeh.
Nemelex Xobeh was most pleased with you.
You visited 1 branch of the dungeon, and saw 10 of its levels.

You collected 609 gold pieces.
You spent 320 gold pieces at shops.


Innate Abilities, Weirdness & Mutations

You can wield a second weapon in your off-hand.
It takes a long time for you to wield or remove held weapons.
Your first few attacks do less damage.
You cannot equip rings or amulets.


   Skills:
 - Level 2.0 Fighting
 + Level 13.3 Long Blades
 - Level 1.7 Throwing
 - Level 2.6 Dodging
 - Level 8.9 Invocations
 + Level 8.5 Evocations


You had 10 spell levels left.
You didn't know any spells.
Your spell library contained the following spells:

 Spells                   Type           Power      Damage    Failure   Level
 Hailstorm                Conj/Ice       0%         3d5       85%         3
 Summon Ice Beast         Ice/Summ       0%         N/A       85%         3
 Leda's Liquefaction      Alch/Erth      0%         N/A       99%         4
 Lee's Rapid Deconstruct  Erth           0%         3d4*      100%        5
 Permafrost Eruption      Ice/Erth       0%         2x4d2     100%        6
 Sculpt Simulacrum        Ice/Alch       0%         N/A       100%        6

Inventory:

Hand Weapons
 j - the +6 dagger of Mobeywk {protect, rF+ rC+ rCorr Dex+2}
   (You found it on level 2 of the Dungeon)

   Dex+2:     It affects your dexterity (+2).
   rF+:       It protects you from fire.
   rC+:       It protects you from cold.
   rCorr:     It protects you from acid and corrosion.
 G - a +3 long sword (offhand) {Matia}
   (You took it off a wight on level 7 of the Dungeon)
 L - a +3 falchion of freezing (weapon) {Caihong}
   (You took it off a wight on level 7 of the Dungeon)
Missiles
 d - 8 throwing nets (quivered) {=f!f}
 e - 3 javelins
 i - 7 boomerangs
 r - 85 stones
 J - 32 poisoned darts
Armour
 b - a +0 leather armour (worn)
 c - a +0 helmet (worn)
 p - a +0 pair of boots (worn)
   (You found it on level 1 of the Dungeon)
 v - a +0 cloak (worn)
   (You found it on level 3 of the Dungeon)
Magical Staves
 s - a staff of air {!a}
   (You found it on level 7 of the Dungeon)
Jewellery
 f - a ring of fire
   (You found it on level 4 of the Dungeon)
 x - an amulet of reflection
   (You found it on level 8 of the Dungeon)
 F - a ring of fire
   (You found it on level 2 of the Dungeon)
 I - a +6 ring of intelligence
   (You found it on level 2 of the Dungeon)
 O - a ring of fire
   (You took it off a wight on level 9 of the Dungeon)
 P - a ring of poison resistance
   (You found it on level 4 of the Dungeon)
Wands
 k - a wand of flame (40)
   (You took it off Robin on level 3 of the Dungeon)
 n - a wand of roots (5)
   (You took it off a gnoll on level 8 of the Dungeon)
 E - a wand of acid (7)
   (You found it on level 6 of the Dungeon)
 M - a wand of mindburst (13)
   (You found it on level 8 of the Dungeon)
Scrolls
 h - 3 scrolls of vulnerability {!r!r}
 l - 4 scrolls of teleportation {@r4}
 y - a scroll of poison {!r}
 A - a scroll of identify {@r1}
 B - 4 scrolls of fog
 K - 2 scrolls of silence {!r}
Potions
 g - a potion of berserk rage {!q}
 m - a potion of brilliance
 o - a potion of cancellation
 q - a potion of might
 t - a potion of degeneration {!q}
 u - a potion of mutation {!q}
 w - 3 potions of haste {@q3}
 z - a potion of resistance
 C - a potion of heal wounds {@q2}
 D - a potion of attraction {!q}
 H - a potion of curing {@q1}
Miscellaneous
 a - a condenser vane (inert)
   (You found it on level 7 of the Dungeon)

Dungeon Overview and Level Annotations

Branches:
Dungeon (10/15) Zot: 26977  Temple (0/1) D:6            Lair (0/5) D:8
    Orc: D:9-12

Altars:
Dithmenos
Gozag
Nemelex Xobeh
Trog
Vehumet

Shops:
D:3 ?   D:4 (? D:5

*(*[
#...........#
#...........
#..........
#........)#
#.........#
#.........#
#........(#
#.........#
#......@D.#
#......)☼D#
##.....§SY§.K..
##....§#§###..
##........
.....##.###
#####. .. #. ##
#.


You could see a yak (distracted, ally target), a kobold, a friendly fire dragon
(summoned), a friendly ice dragon (summoned, catching breath) and a friendly
shock serpent (summoned).


Message History

😮 HP[-2]
You take 2 damage, and now have 51/72 hp.
You miss something with your +3 falchion of freezing.
You closely miss something with your +3 long sword.
You hear some strange, mumbled words.
A bolt of poison appears from out of thin air!
The bolt of poison hits you!!
You are poisoned.
* * * LOW HITPOINT WARNING * * *
The bolt of poison hits your fire dragon!
The orc priest is engulfed in poison gas.
The orc priest looks even sicker.
You kill the orc priest!
Something hits you but does no damage.
The yak is engulfed in freezing vapours.
The yak is engulfed in excruciating misery.
The kobold brigand throws a poisoned dart.
The poisoned dart barely misses you.
The poisoned dart closely misses your ice dragon. 😨 HP[-21]
You take 21 damage, and now have 30/72 hp.
MASSIVE DAMAGE!! (PAUSE)
You slash something with your +3 falchion of freezing!
You freeze something.
You closely miss something with your +3 long sword.
You feel very sick. 😨 HP[-4]
You take 4 damage, and now have 26/72 hp.
You slash something with your +3 long sword!
Reactivating autopickup.
You feel a bit more experienced.
You feel very sick.
A yak comes into view.
Something hits you.
* * * LOW HITPOINT WARNING * * *
Deactivating autopickup; reactivate with Ctrl-A.
The yak is engulfed in poison gas.
The yak is poisoned.
The yak is engulfed in freezing vapours.
Your Evocations skill increases to level 8! 😨 HP[-4]
You take 4 damage, and now have 22/72 hp.
Unknown command.
You closely miss something with your +3 long sword.
You hit something with your +3 falchion of freezing.
You freeze something.
You feel sick.
The kobold brigand is engulfed in excruciating misery.
You hear some strange, mumbled words.
Something tries to affect you, but you resist.
The yak is engulfed in poison gas.
The yak looks even sicker.
You kill the yak!
The yak is engulfed in poison gas.
The yak is poisoned.
The yak barely misses your shock serpent.
A yak comes into view. 😨 HP[-2]
You take 2 damage, and now have 20/72 hp.
You swing at nothing.
You feel sick. 😨 HP[-1]
You take 1 damage, and now have 19/72 hp.
You hit something with your +3 falchion of freezing.
You freeze something.
Reactivating autopickup.
You feel a bit more experienced.
You feel sick.
The kobold brigand is engulfed in freezing vapours.
The yak is engulfed in excruciating misery.
Your ice dragon bites the kobold brigand!
Your ice dragon claws the kobold brigand!
The kobold brigand dies!
The yak is engulfed in poison gas.
The yak looks even sicker.
You kill the yak! 😱 HP[-2]
You take 2 damage, and now have 17/72 hp.
Unknown command.
Okay, then.
Unknown command.
A kobold comes into view. It is wielding a +0 short sword.
You feel sick.
The kobold shouts!
Your shock serpent is engulfed in excruciating misery.
Your shock serpent bites the yak!
Your shock serpent shocks the yak!
Your shock serpent's electric aura discharges, shocking you!
* * * LOW HITPOINT WARNING * * *
The yak is engulfed in excruciating misery.
The yak is engulfed in poison gas.
The yak is poisoned.
The yak gores your shock serpent!
You see here a +0 hand axe. 😱 HP[-13]
You take 13 damage, and now have 4/72 hp.
* * * LOW HITPOINT WARNING * * *
You feel sick.
Your shock serpent is engulfed in excruciating misery.
Your shock serpent bites the yak!
The yak dies!
The yak is engulfed in freezing vapours.
The yak closely misses your shock serpent.
Your ice dragon breathes frost at the yak.
The blast of cold hits the yak.
Your shock serpent is engulfed in excruciating misery.
Your shock serpent's electric aura discharges, shocking you!
You die...
Your body disappears without a glow.

Skill      XL: |  1  2  3  4  5  6  7  8  9 10 11 |
---------------+----------------------------------+-----
Long Blades    | 4 5 6 7 9 10 12 13 | 13.3
Invocations    | 1 2 3 4 6 7 8 |  8.9
Evocations     | 4 8 |  8.5
Fighting       | |  2.0
Throwing       | |  1.7
Dodging        | |  2.6

Action                     |  1- 3 |  4- 6 |  7- 9 | 10-12 || total
---------------------------+-------+-------+-------+-------++-------
  Melee: Long sword        |    82 |    10 |     6 |   236 ||   334
         Dagger            |    75 |   134 |   289 |       ||   498
         Falchion          |       |       |     5 |   228 ||   233
 Invoke: Draw Destruction  |       |       |     7 |     8 ||    15
         Draw Summoning    |       |       |     2 |     1 ||     3
         Triple Draw       |       |       |       |     1 ||     1
  Evoke: Wand              |       |       |       |     4 ||     4
         Condenser vane    |       |       |       |     2 ||     2
    Use: Scroll            |     5 |     7 |    10 |     2 ||    24
         Potion            |       |       |     3 |     4 ||     7
   Stab: Sleeping          |     4 |       |     1 |       ||     5
         Distracted        |       |       |     2 |       ||     2
 Armour: Leather armour    |    51 |    37 |   123 |   196 ||   407
         Skin              |       |       |       |    19 ||    19
  Dodge: Dodged            |    67 |    35 |    79 |   145 ||   326

Levels and vault maps discovered:
D:1:      minmay_arrival_radiant_lines, layout_basic, serial_forest,
          infiniplex_forest_3_way, infiniplex_forest_end_2,
          infiniplex_forest_lined_room_2, infiniplex_forest_straight_3,
          infiniplex_forest_corner_2, infiniplex_forest_clump_tiny,
          infiniplex_forest_join, dreamdust_mushroom_princess
D:2:      layout_loops_ring, basic_altar, minmay_octomino_e4
D:3:      layout_loops_ring, serial_shops, nicolae_shop_tiny_glass,
          minmay_misc_feat_hallway, uniq_robin
D:4:      layout_rooms, serial_shops, shop, nicolae_shop_tiny_real_fake_doors,
          uniq_menkaure, uniq_natasha
D:5:      nicolae_cairo_tiling_large_dashed, layout_cave_pods,
          chequers_big_river, minmay_shop_grid_forest, minmay_strange_pillars,
          minivault_25, chequers_jeans
D:6:      layout_basic, vehumet_statue, grunt_dithmenos_smoke_and_mirrors,
          minmay_temple_entry_tees, serial_bayou_pond_a
D:7:      lemuel_bear_cage, layout_basic
D:8:      layout_basic, minmay_lair_entry_grove, roderic_roman_lattice,
          minivault_23, uniq_jeremiah
D:9:      layout_gridville, grunt_temple_overflow_opulence,
          mainiacjoe_overflow_alcove_4, kennysheep_generic_room_14, uniq_harold,
          uniq_joseph
D:10:     layout_rooms, grunt_temple_overflow_open,
          mainiacjoe_overflow_tiny_flanked, minmay_orc_entry_guard_dogs,
          hangedman_decor_opposing, uniq_maurice, uniq_erica

Notes
Turn   | Place    | Note
-------+----------+-------------------------------------------
     0 | D:1      | kae the Coglin Gladiator began the quest for the Orb.
     0 | D:1      | Reached XP level 1. HP: 16/16 MP: 1/1
     0 | D:1      | magus.rc [v1.11.3]
   186 | D:1      | Reached XP level 2. HP: 22/22 MP: 2/2
   334 | D:1      | Reached skill level 4 in Long Blades
   494 | D:1      | Reached XP level 3. HP: 27/27 MP: 3/3
   813 | D:2      | Identified the +4 trident of Darkness {flame, rCorr Dex+2}
   945 | D:2      | Identified the +6 dagger of Mobeywk {protect, rF+ rC+ rCorr
                  | Dex+2}
  1126 | D:2      | Found a sparkling altar of Nemelex Xobeh.
  1178 | D:2      | Became a worshipper of Nemelex Xobeh the Trickster
  1188 | D:2      | Reached XP level 4. HP: 33/33 MP: 4/4
  1671 | D:3      | Found Jeaqomay's Magic Scroll Emporium.
  1680 | D:3      | Bought a scroll of identify for 28 gold pieces
  1680 | D:3      | Bought a scroll of identify for 28 gold pieces
  1812 | D:3      | Noticed Robin
  1856 | D:3      | Killed Robin
  2093 | D:3      | Reached skill level 5 in Long Blades
  2117 | D:3      | Reached * piety under Nemelex Xobeh
  2120 | D:3      | Reached skill level 1 in Invocations
  2431 | D:4      | Reached XP level 5. HP: 38/38 MP: 5/5
  2478 | D:4      | Reached skill level 2 in Invocations
  2478 | D:4      | Reached XP level 6. HP: 19/44 MP: 7/7
  2485 | D:4      | HP: 11/44 [poisoned by a scorpion]
  2634 | D:4      | Received a gift from Nemelex Xobeh
  2675 | D:4      | Reached skill level 6 in Long Blades
  2685 | D:4      | Reached skill level 3 in Invocations
  2827 | D:4      | Noticed Menkaure
  2838 | D:4      | Reached XP level 7. HP: 50/50 MP: 9/9
  2870 | D:4      | Killed Menkaure
  2984 | D:4      | Found Poruf's Magic Scroll Shoppe.
  2992 | D:4      | Bought 2 scrolls of identify for 56 gold pieces
  2992 | D:4      | Bought a scroll of enchant weapon for 105 gold pieces
  2992 | D:4      | Bought a scroll of identify for 28 gold pieces
  3132 | D:4      | Noticed Natasha
  3140 | D:4      | Killed Natasha
  3191 | D:4      | Found Ykkecosch's Weapon Emporium.
  3193 | D:4      | Noticed Natasha
  3200 | D:4      | Killed Natasha
  3246 | D:4      | Noticed Natasha
  3251 | D:4      | Killed Natasha
  3299 | D:5      | Entered Level 5 of the Dungeon
  3320 | D:5      | Reached skill level 7 in Long Blades
  3320 | D:5      | Reached skill level 4 in Invocations
  3330 | D:5      | Reached XP level 8. HP: 28/56 MP: 11/11
  3441 | D:5      | Reached ** piety under Nemelex Xobeh
  3447 | D:5      | You pick up a book of the Tundra and begin reading...
  3447 | D:5      | You add the spells Hailstorm, Summon Ice Beast, Permafrost
                  | Eruption and Sculpt Simulacrum to your library.
  3992 | D:5      | Found Baecaejy's Assorted Antiques.
  3993 | D:5      | Received a gift from Nemelex Xobeh
  3994 | D:5      | Found Jeaffuy's Weapon Emporium.
  3996 | D:5      | Found Qyibregen's Assorted Antiques.
  4001 | D:5      | Reached skill level 5 in Invocations
  4006 | D:5      | Reached skill level 8 in Long Blades
  4008 | D:5      | Found Piaquargh's Antique Armour Emporium.
  4075 | D:5      | Bought an amethyst potion for 23 gold pieces
  4075 | D:5      | Bought a scroll of identify for 52 gold pieces
  4625 | D:6      | You pick up a book of the Earth and begin reading...
  4625 | D:6      | You add the spells Leda's Liquefaction and Lee's Rapid
                  | Deconstruction to your library.
  4870 | D:6      | Reached skill level 9 in Long Blades
  4870 | D:6      | Reached skill level 6 in Invocations
  4870 | D:6      | Reached XP level 9. HP: 30/61 MP: 13/13
  5263 | D:6      | Found a radiant altar of Vehumet.
  5272 | D:6      | Found a staircase to the Ecumenical Temple.
  5275 | D:6      | Identified the +1 leather armour of the Lost Path {Harm
                  | rPois Str+3}
  5652 | D:6      | Found a shadowy altar of Dithmenos.
  5882 | D:7      | Found a runed translucent gate.
  5882 | D:7      | Found a runed translucent gate.
  5883 | D:7      | Found a runed translucent gate.
  5901 | D:7      | HP: 15/60 [wight/+4 mace of freezing (11)]
  6048 | D:7      | Reached *** piety under Nemelex Xobeh
  6155 | D:7      | Noticed a polar bear
  6155 | D:7      | Noticed a death yak
  6208 | D:7      | Reached skill level 7 in Invocations
  6667 | D:7      | HP: 12/61 [death yak (22)]
  6669 | D:7      | Killed a death yak
  6670 | D:7      | Reached skill level 10 in Long Blades
  6673 | D:7      | Reached XP level 10. HP: 18/67 MP: 15/15
  6676 | D:7      | HP: 5/67 [polar bear (14)]
  6894 | D:7      | Reached skill level 8 in Invocations
  7012 | D:6      | Reached skill level 11 in Long Blades
  7333 | D:8      | Found a staircase to the Lair.
  7412 | D:8      | Received a gift from Nemelex Xobeh
  7560 | D:8      | HP: 15/67 [poisoned by an orc wizard]
  7562 | D:8      | HP: 6/67 [poisoned by an orc wizard]
  7810 | D:8      | Reached skill level 1 in Evocations
  7833 | D:8      | Reached skill level 2 in Evocations
  7844 | D:8      | HP: 13/67 [gnoll sergeant/+3 spear of venom (9)]
  7849 | D:8      | HP: 14/67 [poisoned by a gnoll sergeant]
  7858 | D:8      | Reached skill level 3 in Evocations
  7858 | D:8      | HP: 10/67 [howler monkey (3)]
  7880 | D:8      | Reached skill level 12 in Long Blades
  7882 | D:8      | HP: 10/67 [water moccasin (7)]
  7936 | D:8      | Reached skill level 4 in Evocations
  8108 | D:8      | Reached XP level 11. HP: 72/72 MP: 17/17
  8110 | D:8      | Reached skill level 5 in Evocations
  8699 | D:8      | Noticed Jeremiah
  8702 | D:8      | Killed Jeremiah
  8703 | D:8      | Reached skill level 6 in Evocations
  8841 | D:9      | Found a bloodstained altar of Trog.
  8866 | D:9      | Noticed Harold
  8870 | D:9      | Killed Harold
  9192 | D:9      | HP: 17/72 [gnoll/+0 spear[a gnoll bouda] (6)]
  9393 | D:9      | Reached skill level 7 in Evocations
  9584 | D:9      | Found a sparkling altar of Nemelex Xobeh.
  9584 | D:9      | Found an opulent altar of Gozag.
  9595 | D:9      | Received a gift from Nemelex Xobeh
  9666 | D:9      | Noticed Joseph
  9688 | D:9      | Killed Joseph
  9796 | D:9      | Reached skill level 13 in Long Blades
  9874 | D:9      | Received a gift from Nemelex Xobeh
 10208 | D:10     | Entered Level 10 of the Dungeon
 10208 | D:10     | Noticed Erica
 10228 | D:10     | Killed Erica
 10229 | D:10     | Reached skill level 8 in Evocations
 10231 | D:10     | HP: 17/72 [poisoned by Erica (bolt of poison)]
 10232 | D:10     | HP: 4/72 [shock serpent/electric aura[the player character]
                  | (11)]
 10233 | D:10     | Killed from afar by a shock serpent

Vanquished Creatures
  Harold (D:9)
  Erica (D:10)
  A death yak (D:7)
  Joseph (D:9)
  Jeremiah (D:8)
  A polar bear (D:7)
  5 wyverns
  2 hogs (D:6)
  A wraith (D:8)
  6 yaks
  A warg (D:10)
  Menkaure (D:4)
  4 water moccasins
  2 orc warriors (D:9)
  8 black bears
  2 sky beasts
  An ice beast (D:8)
  3 wolves
  3 ogres
  3 kobold brigands
  3 bullfrogs
  2 gnoll sergeants
  A scorpion (D:4)
  18 wights
  6 killer bees (D:8)
  7 howler monkeys
  8 orc priests
  A bombardier beetle (D:5)
  3 hounds
  A gnoll bouda (D:9)
  2 jellies
  2 iguanas
  Natasha (thrice) (D:4)
  10 orc wizards
  A statue (D:6)
  Robin (D:3)
  10 gnolls
  5 adders
  3 dart slugs
  2 ribbon worms
  19 orcs
  13 ball pythons
  8 endoplasms
  3 giant cockroaches
  10 goblins
  6 hobgoblins
  6 jackals
  5 quokkas
  6 bats
  3 frilled lizards (D:2)
  22 kobolds
  3 rats (D:2)
241 creatures vanquished.

Vanquished Creatures (collateral kills)
  A yak (D:10)
  A kobold brigand (D:10)
  5 wights (D:7)
7 creatures vanquished.

Grand Total: 248 creatures vanquished

Table legend:
 A = Non-vault XP
 B = Vault XP
 C = Vault XP percentage of total XP
 D = Non-vault monster count
 E = Vault monster count
 F = Vault count percentage of total count
                 A         B        C        D         E       F
            +---------+---------+-------+---------+---------+-------
      Total |    7106 |    7888 |  52.6 |     204 |      44 |  17.7
            +---------+---------+-------+---------+---------+-------
        D:1 |      50 |       0 |   0.0 |      27 |       0 |   0.0
        D:2 |      33 |       1 |   2.9 |      15 |       1 |   6.2
        D:3 |     107 |      31 |  22.5 |       8 |       9 |  52.9
        D:4 |     482 |     204 |  29.7 |      28 |       2 |   6.7
        D:5 |     905 |       0 |   0.0 |      16 |       0 |   0.0
        D:6 |     879 |     926 |  51.3 |      24 |       7 |  22.6
        D:7 |     956 |    2268 |  70.3 |      16 |      10 |  38.5
        D:8 |    1656 |    2061 |  55.4 |      31 |      10 |  24.4
        D:9 |    1198 |    1387 |  53.7 |      32 |       3 |   8.6
       D:10 |     840 |    1010 |  54.6 |       7 |       2 |  22.2
            +---------+---------+-------+---------+---------+-------

Skill      XL: |  1  2  3  4  5  6  7  8  9 10 11 |
---------------+----------------------------------+-----
Long Blades    | 4 5 6 7 9 10 12 13 | 13.3
Invocations    | 1 2 3 4 6 7 8 |  8.9
Evocations     | 4 8 |  8.5
Fighting       | |  2.0
Throwing       | |  1.7
Dodging        | |  2.6

Action                     |  1- 3 |  4- 6 |  7- 9 | 10-12 || total
---------------------------+-------+-------+-------+-------++-------
  Melee: Long sword        |    82 |    10 |     6 |   236 ||   334
         Dagger            |    75 |   134 |   289 |       ||   498
         Falchion          |       |       |     5 |   228 ||   233
 Invoke: Draw Destruction  |       |       |     7 |     8 ||    15
         Draw Summoning    |       |       |     2 |     1 ||     3
         Triple Draw       |       |       |       |     1 ||     1
  Evoke: Wand              |       |       |       |     4 ||     4
         Condenser vane    |       |       |       |     2 ||     2
    Use: Scroll            |     5 |     7 |    10 |     2 ||    24
         Potion            |       |       |     3 |     4 ||     7
   Stab: Sleeping          |     4 |       |     1 |       ||     5
         Distracted        |       |       |     2 |       ||     2
 Armour: Leather armour    |    51 |    37 |   123 |   196 ||   407
         Skin              |       |       |       |    19 ||    19
  Dodge: Dodged            |    67 |    35 |    79 |   145 ||   326

Illustrated notes

Table legend:
 A = Kills in this place as a percentage of kills in the entire game.
 B = Kills by you in this place as a percentage of kills by you in the entire game.
 C = Kills by friends in this place as a percentage of kills by friends in the entire game.
 D = Other kills in this place as a percentage of other kills in the entire game.
 E = Experience gained in this place as a percentage of experience gained in the entire game.
 F = Experience gained in this place divided by the number of levels of this place that you have seen.
                   A       B       C       D       E      F
               +-------+-------+-------+-------+-------+----------------------
         Total | 100.0 | 100.0 | 100.0 |   N/A | 100.0 | 1499.4
       Dungeon | 100.0 | 100.0 | 100.0 |   N/A | 100.0 | 1499.4
               +-------+-------+-------+-------+-------+----------------------

Table legend: (Time is in decaauts)
 A = Elapsed time spent in this place.
 B = Non-inter-level travel time spent in this place.
 C = Inter-level travel time spent in this place.
 D = Time resting spent in this place.
 E = Time spent auto-exploring this place.
 F = Levels seen in this place.
 G = Mean time per level.
                   A        B        C        D        E       F      G
               +--------+--------+--------+--------+--------+-----+--------+
         Total |  10157 |   9841 |    316 |   1105 |   7297 |  10 | 1015.7 |
       Dungeon |  10157 |   9841 |    316 |   1105 |   7297 |  10 | 1015.7 |
               +--------+--------+--------+--------+--------+-----+--------+

Top non-repeatable levels by time:
     D:6: 1520 daAuts
     D:8: 1478 daAuts
     D:5: 1306 daAuts
     D:9: 1287 daAuts
     D:7: 1242 daAuts
     D:3: 974 daAuts
     D:2: 803 daAuts
     D:1: 763 daAuts
     D:4: 760 daAuts
    D:10: 21 daAuts
